 Dungeon Crawl Stone Soup version 0.24-a0-201-gf205589 (webtiles) character file.

Game seed: 12781403247753774138

337 Lanoc the Slasher (level 6, -1/53 HPs)
             Began as a Draconian Monk on Mar 21, 2019.
             Slain by an orc priest
             ... wielding a +0 club
              (4 damage)
             ... on level 5 of the Dungeon.
             The game lasted 00:04:46 (3024 turns).

Lanoc the Slasher (Draconian Monk)                  Turns: 3024, Time: 00:04:46

Health: -1/53      AC:  6    Str: 13    XL:     6   Next: 28%
Magic:  6/6        EV: 13    Int: 11    God:
Gold:   121        SH:  3    Dex: 15    Spells: 5/5 levels left

rFire    . . .     SeeInvis .   a - +0 falchion
rCold    . . .     Gourm    .   g - +0 buckler (curse)
rNeg     . . .     Faith    .   (armour unavailable)
rPois    .         Spirit   .   (helmet restricted)
rElec    .         Reflect  .   (no cloak)
rCorr    .         Harm     .   (no gloves)
MR       .....                  (no boots)
Stlth    ++........             (no amulet)
HPRegen  0.17/turn              (no ring)
MPRegen  0.10/turn              (no ring)

@: no status effects
A: unfitting armour, cold-blooded, AC +6
a: no special abilities


You were on level 5 of the Dungeon.
You were not hungry.

You visited 1 branch of the dungeon, and saw 5 of its levels.

You collected 121 gold pieces.

Inventory:

Hand Weapons
 a - a +0 falchion (weapon)
Armour
 g - a cursed +0 buckler (worn)
Scrolls
 e - 2 scrolls of identify {unknown}
 f - 2 scrolls of enchant armour {unknown}
 h - a scroll of noise {unknown}
 i - a scroll of fear {unknown}
 l - 2 scrolls of remove curse {unknown}
 m - a scroll of enchant weapon {unknown}
 n - a scroll of magic mapping {unknown}
Potions
 c - a potion of flight
Comestibles
 b - 5 rations
 d - 2 chunks of flesh


   Skills:
 + Level 4.7 Fighting
 * Level 5.5 Long Blades
 + Level 3.9 Dodging
 - Level 1.7 Stealth


You had 5 spell levels left.
You didn't know any spells.
Your spell library was empty.

Dungeon Overview and Level Annotations

Branches:
Dungeon (5/15)
 Temple: D:4-7

Altars:


Innate Abilities, Weirdness & Mutations

Your plain brown scales are hard. (AC +6)
You cannot fit into any form of body armour.
You are cold-blooded and may be slowed by cold attacks.


Message History

You tail-slap the orc priest.
The orc priest is heavily wounded.
The orc priest hits you with a +0 club.
You hit the orc priest.
The orc priest is severely wounded.
The orc priest hits you but does no damage.
You closely miss the orc priest.
The orc priest is severely wounded.
The orc priest calls down the wrath of Beogh upon you.
Beogh smites you!
* * * LOW HITPOINT WARNING * * *
You hit the orc priest.
The orc priest is severely wounded.
The orc priest mumbles some strange prayers to Beogh against you.
Pain shoots through your body!
* * * LOW HITPOINT WARNING * * *
You barely miss the orc priest.
The orc priest is severely wounded.
The orc priest hits you with a +0 club.
You die... #.####### #.....o@# #########

You could see an orc priest.

Vanquished Creatures
  A scorpion (D:4)
  2 hounds
  A jelly (D:2)
  An iguana (D:4)
  Terence (D:3)
  5 adders
  An adder skeleton (D:4)
  3 worms
  5 dart slugs
  A leopard gecko (D:2)
  7 orcs
  A ball python (D:2)
  6 bats
  3 giant cockroaches
  6 hobgoblins
  3 jackals (D:1)
  2 quokkas (D:3)
  5 frilled lizards
  9 goblins
  8 kobolds
  13 rats
84 creatures vanquished.

Notes
Turn   | Place    | Note
-------+----------+-------------------------------------------
     0 | D:1      | Lanoc the Draconian Monk began the quest for the Orb.
     0 | D:1      | Reached XP level 1. HP: 19/19 MP: 1/1
   115 | D:1      | Reached XP level 2. HP: 23/26 MP: 2/2
   307 | D:1      | Reached XP level 3. HP: 20/31 MP: 3/3
   526 | D:2      | Reached skill level 4 in Long Blades
   854 | D:2      | Reached XP level 4. HP: 30/40 MP: 4/4
  1484 | D:3      | Reached XP level 5. HP: 39/46 MP: 5/5
  1545 | D:3      | Noticed Terence
  1557 | D:3      | Killed Terence
  1896 | D:3      | Reached skill level 5 in Long Blades
  2416 | D:4      | HP: 3/70 [poisoned by a scorpion]
  2421 | D:4      | HP: 2/70 [poisoned by a scorpion]
  2428 | D:4      | HP: 2/70 [poisoned by a scorpion]
  2436 | D:4      | HP: 2/70 [poisoned by a scorpion]
  2770 | D:4      | Reached XP level 6. HP: 50/53 MP: 6/6
  2812 | D:5      | Entered Level 5 of the Dungeon
  3024 | D:5      | Slain by an orc priest

Levels and vault maps discovered:
D:1:      lightli_arrival_windingriver, layout_rooms
D:2:      layout_basic
D:3:      layout_basic, first_ration, uniq_terence
D:4:      layout_loops_ring, corner_web_ring
D:5:      wad_woods_stonehenge, layout_basic, grunt_temple_overflow_holy_war,
          minitemple, vehumet_crystals

Skill      XL: |  1  2  3  4  5 |
---------------+----------------+-----
Dodging        | 3 |  3.9
Long Blades    | 4 5 |  5.5
Fighting       | 4 |  4.7
Stealth        | |  1.7

Action                   |  1- 3 |  4- 6 || total
-------------------------+-------+-------++-------
Melee: Falchion          |   122 |   204 ||   326
       Tailslap          |    21 |    34 ||    55
  Use: Potion            |       |     4 ||     4
 Stab: Sleeping          |     3 |     6 ||     9
  Eat: Chunk             |       |     4 ||     4
       Ration            |       |     1 ||     1
Armor: Skin              |    45 |    45 ||    90
Dodge: Dodged            |    82 |   114 ||   196
Block: Shield            |     9 |       ||     9
       Buckler           |    14 |    31 ||    45
       Rpst.: Falchion   |    27 |    31 ||    58

Table legend:
 A = Non-vault XP
 B = Vault XP
 C = Vault XP percentage of total XP
 D = Non-vault monster count
 E = Vault monster count
 F = Vault count percentage of total count
                 A         B        C        D         E       F
            +---------+---------+-------+---------+---------+-------
      Total |     446 |      36 |   7.5 |      83 |       1 |   1.2
            +---------+---------+-------+---------+---------+-------
        D:1 |      56 |       0 |   0.0 |      33 |       0 |   0.0
        D:2 |     127 |       0 |   0.0 |      26 |       0 |   0.0
        D:3 |      91 |      36 |  28.3 |      16 |       1 |   5.9
        D:4 |     113 |       0 |   0.0 |       4 |       0 |   0.0
        D:5 |      59 |       0 |   0.0 |       4 |       0 |   0.0
            +---------+---------+-------+---------+---------+-------
